Map: 로스트 앤 파운드 - 래더

Players

SortOf - Winner!

  • Race: Zerg Zerg
  • League: Master
  • Spawn Location: 1:00

LiquidTaeJa (TaeJa)

  • Race: Terran Terran
  • League: Diamond
  • Spawn Location: 7:00

Event: HomeStory Cup XVIII

VOD

Have the link to the VOD?

Description

Time

  • Played on: Nov. 23, 2018, 4:40 p.m.
  • Length: 16:23

All games in this series

Show
View Real Time Build Order
Export as new Build Order

SortOf Zerg - Winner!

Build Orders: Pool First, Brood Lord Corruptor 

Get SALT Encoding   

  12  0:00  Drone  
  13  0:12  Overlord  
  13  0:16  Drone  
  14  0:30  Drone  
  14  0:31  Drone  
  16  0:41  Spawning Pool  
  15  0:44  Drone  
  15  0:48  Drone  
  17  1:08  Hatchery  
  17  1:10  Drone  
  17  1:28  Zergling x6  
  17  1:29  Queen  
  17  1:31  Extractor  
  21  1:38  Overlord  
  21  1:49  Drone  
  22  2:03  Drone  
  23  2:09  Queen  
  25  2:16  Drone  
  25  2:19  Queen  
  25  2:20  Drone  
  29  2:23  Drone  
  30  2:34  Drone x2  
  31  2:38  Drone x2  
  31  2:41  Overlord  
  31  2:44  Drone  
  34  2:46  Drone  
  35  2:53  Drone  
  34  3:00  Hatchery  
  34  3:03  Metabolic Boost  
  33  3:06  Drone  
  33  3:11  Drone  
  33  3:12  Drone  
  36  3:16  Drone x2  
  38  3:21  Queen  
  38  3:26  Drone x2  
  42  3:31  Overlord  
  42  3:34  Overlord  
  42  3:36  Drone  
  42  3:37  Drone  
  44  3:45  Overlord  
  44  3:48  Queen  
  44  3:52  Drone  
  44  3:53  Drone  
  44  3:54  Zergling x2  
  44  3:55  Zergling x8  
  53  3:57  Zergling x2  
  53  3:58  Drone  
  53  4:00  Drone  
  56  4:08  Overlord  
  56  4:10  Drone x2  
  56  4:13  Spore Crawler  
  56  4:15  Drone x2  
  56  4:17  Queen  
  59  4:19  Overlord  
  61  4:27  Drone x2  
  61  4:29  Drone  
  61  4:30  Drone  
  61  4:31  Drone  
  66  4:33  Evolution Chamber  
  66  4:34  Evolution Chamber  
  66  4:36  Queen  
  66  4:39  Drone x2  
  68  4:46  Zergling x6  
  68  4:47  Zergling x4  
  68  4:51  Spore Crawler  
  72  4:54  Spore Crawler  
  72  4:59  Drone, Zerg Melee Weapons Level 1  
  72  5:00  Overlord  
  72  5:05  Drone x4, Zerg Ground Armor Level 1  
  76  5:08  Drone  
  76  5:10  Overlord, Drone  
  76  5:12  Drone  
  76  5:14  Extractor, Drone  
  79  5:16  Extractor  
  79  5:17  Extractor  
  79  5:18  Drone x2  
  79  5:20  Drone  
  80  5:30  Baneling Nest  
  80  5:33  Drone  
  80  5:34  Drone x2  
  80  5:35  Drone x2, Overlord  
  84  5:37  Drone x4  
  88  5:47  Extractor  
  88  5:48  Hatchery  
  86  5:52  Lair  
  86  5:53  Drone  
  86  5:57  Drone x2  
  88  5:58  Drone x3, Hatchery  
  88  6:02  Extractor, Zergling x6  
  93  6:12  Overlord  
  93  6:14  Zergling x4, Baneling x8  
  95  6:19  Zergling x10  
  95  6:20  Zergling x2  
  101  6:40  Overlord  
  101  6:43  Zergling x22  
  111  6:52  Centrifical Hooks  
  111  6:54  Hydralisk Den  
  111  6:56  Overseer, Overlord  
  111  6:57  Overlord  
  111  7:00  Zerg Melee Weapons Level 2  
  110  7:04  Zerg Ground Armor Level 2  
  110  7:05  Drone x6  
  116  7:09  Drone  
  116  7:10  Drone  
  112  7:16  Drone x2  
  112  7:19  Drone  
  112  7:21  Drone  
  116  7:27  Muscular Augments  
  114  7:32  Hydralisk x7  
  114  7:33  Overlord  
  114  7:35  Drone x3  
  129  7:44  Overlord, Zergling x10  
  129  7:45  Baneling x6  
  129  7:48  Overseer  
  134  7:56  Overlord, Hydralisk  
  134  7:57  Hydralisk, Zergling x2  
  134  7:58  Infestation Pit, Zergling x8  
  142  8:04  Overlord  
  142  8:07  Extractor, Hatchery  
  142  8:10  Overlord  
  142  8:11  Zergling x8  
  144  8:15  Baneling x7  
  137  8:29  Zergling x34  
  149  8:37  Hive  
  149  8:39  Grooved Spines  
  149  8:46  Zergling x18  
  153  8:58  Hydralisk x9  
  170  9:05  Baneling x5  
  169  9:15  Hydralisk x2  
  169  9:16  Zergling x18  
  177  9:30  Zergling x16  
  177  9:31  Extractor  
  184  9:36  Baneling x7  
  184  9:37  Baneling x5  
  184  9:42  Overseer  
  184  9:46  Overlord x2  
  184  9:47  Overlord  
  173  9:55  Zergling x30  
  186  10:00  Spire, Adrenal Glands  
  174  10:15  Zerg Ground Armor Level 3, Zerg Melee Weapons Level 3  
  169  10:23  Zergling x34  
  169  10:24  Zergling x2  
  169  10:27  Baneling x8  
  169  10:28  Baneling x2  
  177  10:40  Zergling x12  
  166  10:44  Hydralisk x5  
  166  10:45  Zergling x2  
  166  10:49  Drone x3  
  172  10:51  Drone x3  
  175  10:57  Zergling x2  
  175  10:58  Zergling x4  
  175  11:00  Pneumatized Carapace  
  175  11:01  Overseer x2  
  175  11:03  Zergling x10  
  177  11:16  Zergling x18  
  177  11:17  Baneling x8  
  182  11:23  Greater Spire  
  182  11:32  Viper x2  
  184  11:36  Drone x3  
  184  11:37  Extractor  
  184  11:39  Extractor  
  185  11:41  Zergling x4  
  185  11:44  Overlord  
  183  11:48  Baneling x9  
  183  11:49  Baneling x4  
  183  11:56  Zergling x26  
  183  12:00  Baneling x9  
  182  12:09  Zergling x20  
  185  12:19  Zergling x4  
  164  12:24  Viper  
  164  12:27  Zergling x22  
  177  12:35  Corruptor x4  
  185  12:37  Zerg Flyer Weapons Level 1  
  185  12:42  Baneling x8  
  184  12:53  Corruptor x3  
  184  13:05  Corruptor x2  
  176  13:08  Overlord  
  176  13:12  Brood Lord x2  
  182  13:30  Unknown x2  
  178  13:36  Brood Lord x4  
  178  13:39  Overlord  
  186  13:42  Spore Crawler  
  186  13:44  Brood Lord, Spore Crawler  
  186  13:49  Zergling x20  
  196  13:57  Overlord  
  196  13:58  Overseer  
  196  14:03  Overlord  
  196  14:04  Corruptor x2  
  200  14:10  Zerg Missile Weapons Level 1  
  200  14:15  Baneling x10  
  189  14:20  Unknown  
  189  14:24  Corruptor x5  
  182  14:28  Zergling x16  
  192  14:40  Zergling x22  
  197  14:54  Unknown x2  
  195  15:00  Zergling x10  
  182  15:07  Corruptor x2  
  182  15:09  Brood Lord x4  
  182  15:13  Hydralisk x3  
  194  15:23  Zergling x4  
  193  15:33  Zergling x16  
  193  15:34  Zergling x6  
  192  15:48  Zergling x26  
  199  15:52  Baneling x7  
  199  15:53  Baneling x5  
  190  16:04  Zergling x18  
Show
View Real Time Build Order
Export as new Build Order

LiquidTaeJa Terran 

Build Orders: Hellion Opening, Reaper Expand 

Get SALT Encoding   

  12  0:00  SCV  
  13  0:12  SCV  
  14  0:16  Supply Depot  
  14  0:24  SCV  
  15  0:38  SCV  
  15  0:39  Barracks  
  15  0:42  Refinery  
  16  0:50  SCV  
  17  1:02  SCV  
  18  1:14  SCV  
  19  1:26  Reaper, Orbital Command  
  20  1:38  Command Center  
  20  1:49  Supply Depot  
  20  1:52  SCV  
  21  1:58  Marine  
  22  2:04  SCV  
  22  2:07  Factory  
  23  2:16  SCV  
  23  2:17  Refinery  
  23  2:19  Barracks Reactor  
  24  2:28  SCV  
  25  2:40  SCV  
  24  2:52  SCV  
  24  2:59  Orbital Command  
  24  3:01  Starport  
  24  3:05  Hellion x2, Barracks Tech Lab  
  28  3:07  SCV  
  29  3:19  SCV  
  30  3:26  Hellion x2, SCV  
  35  3:31  SCV  
  36  3:36  Marine  
  36  3:38  SCV  
  36  3:39  Supply Depot  
  38  3:43  SCV  
  38  3:45  Viking  
  41  3:50  Hellion  
  41  3:51  Hellion  
  41  3:53  SCV  
  46  3:59  Barracks Tech Lab  
  46  4:01  SCV  
  47  4:04  Supply Depot  
  47  4:05  SCV  
  48  4:13  SCV  
  49  4:19  SCV  
  49  4:21  Starport Reactor  
  50  4:25  Stimpack, Command Center, SCV  
  50  4:29  Supply Depot  
  51  4:32  SCV  
  51  4:34  Marine  
  51  4:37  SCV  
  51  4:38  Siege Tank  
  57  4:44  SCV  
  58  4:49  SCV  
  58  4:52  Barracks x2  
  59  4:56  Marine, SCV  
  61  5:01  SCV  
  61  5:02  Supply Depot  
  61  5:06  Engineering Bay  
  62  5:08  Engineering Bay, SCV  
  62  5:13  Marine, SCV  
  65  5:17  Starport Reactor  
  65  5:22  SCV  
  65  5:23  Factory Reactor, Refinery  
  65  5:25  SCV  
  65  5:26  Refinery  
  67  5:31  Marine  
  67  5:34  SCV  
  69  5:37  Terran Infantry Weapons Level 1, Terran Infantry Armor Level 1  
  69  5:38  Orbital Command, SCV  
  69  5:41  Marine  
  69  5:42  Marine  
  72  5:48  Marine  
  72  5:49  Marine x2  
  75  5:53  SCV x2  
  77  5:58  Medivac x2  
  77  6:00  Barracks  
  77  6:01  Orbital Command  
  77  6:02  Barracks  
  81  6:05  Supply Depot  
  81  6:06  SCV x2  
  81  6:07  Marine x4  
  81  6:09  Marine  
  88  6:17  Supply Depot  
  88  6:18  SCV  
  89  6:19  Supply Depot  
  89  6:24  Marine, SCV  
  89  6:25  Marine  
  92  6:27  SCV  
  92  6:29  Marine x2  
  92  6:30  SCV  
  96  6:36  SCV  
  96  6:39  Marine, SCV  
  99  6:42  Marine, SCV  
  99  6:43  Armory  
  99  6:45  Marine  
  99  6:46  Supply Depot  
  100  6:47  Marine x2  
  100  6:48  Barracks Reactor x2, SCV  
  100  6:49  Combat Shield  
  100  6:51  SCV  
  100  6:52  Widow Mine  
  106  6:54  Widow Mine, SCV  
  106  6:59  Marine  
  106  7:00  Marine  
  111  7:15  Marine x3  
  103  7:16  SCV  
  103  7:17  Marine, SCV  
  103  7:19  Widow Mine x2  
  103  7:22  Factory  
  110  7:23  Marine  
  110  7:26  SCV  
  110  7:28  Supply Depot, Refinery  
  110  7:29  Marine x2, SCV x2  
  112  7:30  Marine x2  
  112  7:33  Marine x2  
  112  7:36  Terran Infantry Armor Level 2, Supply Depot, Marine, Marauder, Terran Infantry Weapons Level 2  
  117  7:38  Terran Vehicle And Ship Armor Level 1  
  117  7:41  Widow Mine x2, Marine  
  117  7:43  SCV  
  123  7:48  Supply Depot  
  123  7:49  Supply Depot  
  123  7:54  Marine  
  123  7:55  Marine x6  
  123  7:56  Medivac  
  123  7:57  Marine  
  123  7:58  Medivac  
  135  8:02  Supply Depot  
  135  8:03  Marine  
  136  8:06  Drilling Claws  
  136  8:08  Widow Mine  
  136  8:09  Widow Mine  
  136  8:10  Widow Mine  
  136  8:12  Marine x2  
  142  8:19  Marine x3, Marauder, Command Center  
  149  8:21  Marine  
  149  8:22  Marine x2  
  145  8:30  Marine x2  
  145  8:32  Widow Mine x2  
  145  8:33  Widow Mine  
  152  8:35  Supply Depot  
  152  8:36  Supply Depot, Marine  
  152  8:39  Marine x2  
  152  8:40  Marauder  
  157  8:41  Marine x2  
  157  8:47  Barracks  
  157  8:48  Barracks  
  159  8:49  Barracks  
  159  8:52  Marine x2  
  159  8:55  Medivac x2  
  159  9:01  Marine x3  
  159  9:02  Marauder  
  168  9:08  Widow Mine x2  
  168  9:09  Supply Depot, Widow Mine  
  174  9:10  Supply Depot  
  174  9:15  Marine x3  
  177  9:22  Supply Depot, Marine  
  177  9:23  Marauder  
  178  9:26  Medivac  
  178  9:27  Marine  
  178  9:30  Marine  
  178  9:31  Medivac  
  184  9:40  Barracks Tech Lab x3  
  184  9:41  SCV x3  
  184  9:45  Marine x4, Marauder  
  173  9:55  Terran Infantry Weapons Level 3  
  173  9:56  Planetary Fortress, Terran Infantry Armor Level 3  
  173  9:57  SCV x2  
  169  10:01  SCV  
  169  10:02  Medivac x2  
  174  10:13  Marine  
  176  10:14  Marauder x4  
  176  10:17  Widow Mine x2  
  172  10:37  Marine x3  
  172  10:38  Marauder x2  
  172  10:41  Marauder  
  164  10:43  Marine x2, Marauder  
  164  10:44  Marine x3  
  169  10:51  Terran Vehicle And Ship Armor Level 2  
  169  10:53  Widow Mine x3  
  169  10:55  Marine  
  169  10:56  Concussive Shells  
  176  10:59  Marauder x2  
  176  11:02  Marauder  
  182  11:05  Marauder  
  184  11:11  Sensor Tower  
  184  11:14  Widow Mine  
  186  11:20  Marauder  
  186  11:21  Ghost Academy  
  186  11:22  Widow Mine x2  
  190  11:33  Marauder x3  
  190  11:35  Widow Mine  
  190  11:38  Command Center  
  198  11:42  Marauder  
  198  11:43  Starport  
  198  11:45  Starport  
  196  12:08  Marine  
  196  12:09  Marine, Marauder  
  196  12:14  Widow Mine  
  157  12:24  Marauder  
  157  12:27  Viking x2  
  157  12:28  Viking x2  
  157  12:29  Marine x4, Marauder x2  
  169  12:30  Marine  
  169  12:35  Supply Depot x2  
  169  12:36  Supply Depot  
  169  12:40  Marine, Sensor Tower  
  169  12:41  Marine x2, Marauder  
  169  12:42  Widow Mine x3  
  180  12:46  Marauder, Personal Cloaking  
  172  12:52  Marauder x2, Marine x2  
  172  12:53  Marine  
  172  12:57  Medivac x2  
  179  13:01  Unknown x4  
  169  13:07  Medivac  
  171  13:13  Neosteel Armor  
  171  13:15  Marine x4  
  175  13:25  Marauder x3, Marine x2  
  175  13:27  Widow Mine x3  
  185  13:36  Marine x3, Marauder  
  185  13:37  Planetary Fortress  
  185  13:40  Command Center  
  188  13:47  Marauder x2, Marine x3  
  188  13:48  Ghost, Widow Mine  
  199  13:59  Refinery  
  199  14:07  Starport Tech Lab  
  199  14:15  Marine x2, Marauder x3, Starport Reactor  
  198  14:18  Ghost  
  185  14:26  Refinery  
  185  14:27  Refinery  
  183  14:36  Ghost x2  
  187  14:38  Marine x3  
  187  14:40  Marine x4  
  187  14:42  Viking x3  
  194  14:46  Marine x2  
  194  14:50  Command Center  
  194  14:54  Orbital Command  
  194  14:59  Marine x2  
  187  15:00  Marine  
  187  15:04  Medivac x2  
  180  15:07  Ghost  
  180  15:12  Viking x2  
  180  15:17  Viking  
  173  15:27  Ghost  
  173  15:28  Ghost  
  175  15:33  Marine  
  175  15:34  Marine x6, Viking  
  160  15:38  Command Center  
  154  15:45  Marauder  
  154  15:46  Marauder  
  154  15:47  Marine  
  154  15:51  Marine x3  
  154  15:52  Marine x2  
  154  15:53  Marine  
  164  15:57  Marauder x2  
Tags
 
Add a new tag
Caveats
  • Supply blocks, unpowered buildings, or Contaminate may cause inaccurate times.
  • Supply counts are checked every 10 seconds.